[Event "Portuguese Chess-ch 2022"]
[Site "Leiria"]
[Date "2022.09.15"]
[Round "4.2"]
[White "Rocha, Sergio"]
[Black "Guilherme Santos, Jose"]
[Result "1/2-1/2"]
[ECO "A04"]
[WhiteElo "2324"]
[BlackElo "2384"]
[Annotator "ChessBase"]
[PlyCount "99"]
[EventDate "2022.09.11"]
[EventCountry "POR"]
[SourceTitle "playchess.com"]
[Source "ChessBase"]
[SourceQuality "1"]
[TimeControl "5400+30"]

1. Nf3 c5 2. g3 g6 3. Bg2 Bg7 4. O-O Nf6 5. d3 O-O 6. c3 Nc6 7. a3 b6 8. b4 Bb7 9. Qb3 d6 10. Nbd2 Qd7 11. Bb2 Rab8 12. d4 e6 13. Rfd1 Qc7 14. Rac1 Ne7 15. c4 Nf5 16. dxc5 bxc5 17. b5 Qe7 18. a4 Rfd8 19. Qc2 Rbc8 20. e3 h6 21. Nb3 Be4 22. Qe2 Qb7 23. Nbd2 Bxf3 24. Nxf3 Ne7 25. Bc3 Qc7 26. h4 Ne4 27. Bxg7 Kxg7 28. Qb2+ f6 29. h5 gxh5 30. Nh4 d5 31. Qe2 f5 32. cxd5 exd5 33. Qxh5 Qe5 34. Bxe4 Qxe4 35. a5 Qg4 36. Qxg4+ fxg4 37. b6 axb6 38. axb6 Rc6 39. Rd2 Rb8 40. Rdc2 c4 41. e4 Rbxb6 42. exd5 Nxd5 43. Rxc4 Rxc4 44. Rxc4 h5 45. Rc5 Nf6 46. Rc7+ Kh6 47. Nf5+ Kg6 48. Nh4+ Kh6 49. Nf5+ Kg6 50. Nh4+ 1/2-1/2

[Event "Portuguese Chess-ch 2022"]
[Site "Leiria"]
[Date "2022.09.15"]
[Round "4.3"]
[White "Fernandes, Antonio"]
[Black "Dias, Paulo"]
[Result "1/2-1/2"]
[ECO "A40"]
[WhiteElo "2327"]
[BlackElo "2341"]
[Annotator "ChessBase"]
[PlyCount "76"]
[EventDate "2022.09.11"]
[EventCountry "POR"]
[SourceTitle "playchess.com"]
[Source "ChessBase"]
[SourceQuality "1"]
[TimeControl "5400+30"]

1. d4 e6 2. Nf3 d5 3. g3 Nf6 4. Bg2 c5 5. O-O cxd4 6. Nxd4 e5 7. Nb5 a6 8. N5c3 d4 9. Ne4 Nxe4 10. Bxe4 Nc6 11. c3 Bh3 12. Re1 Bc5 13. cxd4 exd4 14. e3 dxe3 15. Bxc6+ bxc6 16. Qh5 Qf6 17. Bxe3 Bxe3 18. Rxe3+ Be6 19. Nc3 O-O 20. Rae1 Rfd8 21. b3 h6 22. Qc5 Bh3 23. Qh5 Be6 24. Ne4 Qd4 25. Qc5 Qxc5 26. Nxc5 Bh3 27. f3 Rd5 28. Ne4 Bf5 29. Kf2 a5 30. g4 Bxe4 31. Rxe4 f5 32. gxf5 Rxf5 33. Rc1 Rd8 34. Rc2 Rd3 35. Re3 Rd6 36. Re4 Rd3 37. Re3 Rd6 38. Re4 Rd3 1/2-1/2

[Event "Portuguese Chess-ch 2022"]
[Site "Leiria"]
[Date "2022.09.15"]
[Round "4.4"]
[White "Fidalgo, Andre"]
[Black "Sousa, Andre"]
[Result "0-1"]
[ECO "B12"]
[WhiteElo "2258"]
[BlackElo "2449"]
[Annotator "ChessBase"]
[PlyCount "112"]
[EventDate "2022.09.11"]
[EventCountry "POR"]
[SourceTitle "playchess.com"]
[Source "ChessBase"]
[SourceQuality "1"]
[TimeControl "5400+30"]

1. e4 c6 2. d4 d5 3. e5 Bf5 4. h4 h5 5. Bd3 Bxd3 6. Qxd3 Qa5+ 7. Nd2 e6 8. Ngf3 Nh6 9. O-O Nf5 10. Nb3 Qb5 11. Qd1 c5 12. a4 Qb6 13. dxc5 Bxc5 14. Nxc5 Qxc5 15. b3 Qb4 16. Ba3 Qg4 17. Qd3 Nc6 18. c4 O-O-O 19. Rfe1 dxc4 20. Qxc4 Nfd4 21. Nh2 Qf5 22. Rac1 Rd5 23. Nf1 Qg4 24. Ng3 Qg6 25. Bd6 f5 26. Red1 Qg4 27. Kf1 g5 28. b4 gxh4 29. b5 hxg3 30. bxc6 Nxc6 31. Qb3 Rxd1+ 32. Rxd1 Qg6 33. a5 a6 34. Rc1 Qe8 35. Qb6 Qd7 36. Qa7 Kd8 37. Qe3 gxf2 38. Rd1 Ke8 39. Rc1 Kf7 40. Qg5 Qd8 41. Qe3 Qh4 42. Qd2 Rg8 43. Qxf2 Rg4 44. Qxh4 Rxh4 45. Kf2 Ra4 46. Rb1 Nxa5 47. Rb6 Re4 48. Kg3 Kg6 49. Bc7 Nc6 50. Rxb7 Rb4 51. Rxb4 Nxb4 52. Kf3 Nc6 53. Kf4 a5 54. Bd6 a4 55. Bc5 Na5 56. Ke3 a3 0-1

[Event "Portuguese Chess-ch 2022"]
[Site "Leiria"]
[Date "2022.09.15"]
[Round "4.5"]
[White "Martins, Bruno Andre Leite"]
[Black "Veiga, Jose Francisco R P N"]
[Result "0-1"]
[ECO "B42"]
[WhiteElo "2308"]
[BlackElo "2389"]
[Annotator "ChessBase"]
[PlyCount "93"]
[EventDate "2022.09.11"]
[EventCountry "POR"]
[SourceTitle "playchess.com"]
[Source "ChessBase"]
[SourceQuality "1"]
[TimeControl "5400+30"]

1. e4 c5 2. Nf3 e6 3. d4 cxd4 4. Nxd4 a6 5. Bd3 Qc7 6. O-O Nc6 7. Nxc6 Qxc6 8. Qe2 b6 9. c4 Bb7 10. Nc3 Be7 11. f4 d6 12. Kh1 Nf6 13. Bd2 O-O 14. Rae1 Rfe8 15. Rf3 Nd7 16. e5 Nf8 17. Rh3 dxe5 18. fxe5 Rad8 19. Be4 Qd7 20. Bxb7 Qxb7 21. Ne4 b5 22. cxb5 Qxb5 23. Qh5 Rd3 24. Rxd3 Qxd3 25. Qe2 Rd8 26. Qxd3 Rxd3 27. Bc3 Nd7 28. Kg1 Nb6 29. Kf1 Na4 30. Bd2 Nxb2 31. Rb1 Nc4 32. Ke2 Nxd2 33. Nxd2 Ra3 34. Rb2 g5 35. Rb7 Bf8 36. Ne4 Rxa2+ 37. Kf3 Ra5 38. g4 Rxe5 39. Nf6+ Kg7 40. Nh5+ Kg6 41. Rb8 Bc5 42. Rg8+ Kh6 43. Ra8 Re3+ 44. Kg2 Ra3 45. h3 a5 46. Rg8 Ra2+ 47. Kh1 0-1

[Event "Portuguese Chess-ch 2022"]
[Site "Leiria"]
[Date "2022.09.15"]
[Round "5.2"]
[White "Sousa, Andre"]
[Black "Martins, Bruno Andre Leite"]
[Result "1-0"]
[ECO "D38"]
[WhiteElo "2449"]
[BlackElo "2308"]
[Annotator "ChessBase"]
[PlyCount "49"]
[EventDate "2022.09.11"]
[EventCountry "POR"]
[SourceTitle "playchess.com"]
[Source "ChessBase"]
[SourceQuality "1"]
[TimeControl "5400+30"]

1. d4 Nf6 2. c4 e6 3. Nf3 d5 4. Nc3 Bb4 5. cxd5 exd5 6. Bg5 h6 7. Bh4 c5 8. dxc5 Nc6 9. e3 g5 10. Bg3 Qa5 11. Nd2 Qxc5 12. Rc1 O-O 13. Be2 Qe7 14. Nb3 Ne4 15. O-O Nxc3 16. bxc3 Ba3 17. Rc2 Bf5 18. Rd2 Be4 19. c4 dxc4 20. Bxc4 Bb4 21. Rd7 Qf6 22. f4 Qc3 23. Qe2 Rad8 24. Rxd8 Nxd8 25. Be1 1-0

[Event "Portuguese Chess-ch 2022"]
[Site "Leiria"]
[Date "2022.09.15"]
[Round "5.3"]
[White "Dias, Paulo"]
[Black "Fidalgo, Andre"]
[Result "0-1"]
[ECO "E53"]
[WhiteElo "2341"]
[BlackElo "2258"]
[Annotator "ChessBase"]
[PlyCount "84"]
[EventDate "2022.09.11"]
[EventCountry "POR"]
[SourceTitle "playchess.com"]
[Source "ChessBase"]
[SourceQuality "1"]
[TimeControl "5400+30"]

1. d4 Nf6 2. c4 e6 3. Nc3 Bb4 4. Nf3 O-O 5. e3 d5 6. Bd3 c5 7. O-O cxd4 8. exd4 dxc4 9. Bxc4 b6 10. Qb3 Be7 11. d5 exd5 12. Nxd5 Ba6 13. Re1 Bxc4 14. Nxe7+ Qxe7 15. Qxc4 Qb7 16. Bg5 Nbd7 17. Rad1 h6 18. Bh4 Rfe8 19. Nd4 Re4 20. Bg3 Rc8 21. Qb4 Qd5 22. b3 Nc5 23. f3 Rxe1+ 24. Qxe1 Rd8 25. Bf2 Rd7 26. Qc3 Ne6 27. Rd2 Qc5 28. Qc4 Qa5 29. b4 Qd5 30. Qc8+ Rd8 31. Qc3 Qd7 32. b5 Nd5 33. Qc6 Ndf4 34. Be3 Nxd4 35. Qxd7 Nfe2+ 36. Kf2 Rxd7 37. g4 Rd8 38. f4 Kf8 39. f5 Ke8 40. a4 Rd7 41. h4 Ke7 42. h5 Kf6 0-1

[Event "Portuguese Chess-ch 2022"]
[Site "Leiria"]
[Date "2022.09.15"]
[Round "5.4"]
[White "Guilherme Santos, Jose"]
[Black "Fernandes, Antonio"]
[Result "1/2-1/2"]
[ECO "A16"]
[WhiteElo "2384"]
[BlackElo "2327"]
[Annotator "ChessBase"]
[PlyCount "137"]
[EventDate "2022.09.11"]
[EventCountry "POR"]
[SourceTitle "playchess.com"]
[Source "ChessBase"]
[SourceQuality "1"]
[TimeControl "5400+30"]

1. c4 Nf6 2. Nc3 d5 3. cxd5 Nxd5 4. Nf3 c5 5. g3 Nc6 6. Bg2 g6 7. O-O Bg7 8. d3 Nc7 9. Be3 b6 10. Qd2 O-O 11. Rfd1 e5 12. Bh6 Rb8 13. Rab1 Re8 14. Bxg7 Kxg7 15. Ne1 Bb7 16. Nc2 Nd4 17. Bxb7 Rxb7 18. b4 Nce6 19. bxc5 Nxc5 20. Nb5 Rd7 21. Ncxd4 exd4 22. Rb4 Qf6 23. Rc1 Qe5 24. Re1 a6 25. Na3 b5 26. Nc2 Na4 27. e3 dxe3 28. Nxe3 Kg8 29. d4 Nb6 30. Rd1 Red8 31. Ng4 Qg7 32. Qg5 Nd5 33. Rb3 h5 34. Ne3 Nc7 35. d5 f6 36. Qf4 Nxd5 37. Nxd5 Rxd5 38. Rxd5 Rxd5 39. Rf3 f5 40. Re3 Rd1+ 41. Kg2 Qb7+ 42. Kh3 Kh7 43. Re6 Rd7 44. Qe5 Rg7 45. Qf6 a5 46. f4 Qd7 47. Rd6 Qe7 48. Qxe7 Rxe7 49. Rd5 Re2 50. a3 Rb2 51. Rd8 b4 52. axb4 axb4 53. Rb8 Kh6 54. Rb6 h4 55. gxh4 Rb1 56. Rb7 b3 57. Kg2 Kh5 58. Kh3 Kh6 59. Kg2 b2 60. h3 Ra1 61. Rxb2 Ra4 62. Kg3 Ra3+ 63. Kg2 Ra4 64. Kg3 Ra3+ 65. Kg2 Kh5 66. Rb8 Ra2+ 67. Kg3 Ra3+ 68. Kg2 Ra2+ 69. Kg3 1/2-1/2

[Event "Portuguese Chess-ch 2022"]
[Site "Leiria"]
[Date "2022.09.15"]
[Round "5.5"]
[White "Rego, Pedro Filipe"]
[Black "Rocha, Sergio"]
[Result "1-0"]
[ECO "C16"]
[WhiteElo "2273"]
[BlackElo "2324"]
[Annotator "ChessBase"]
[PlyCount "69"]
[EventDate "2022.09.11"]
[EventCountry "POR"]
[SourceTitle "playchess.com"]
[Source "ChessBase"]
[SourceQuality "1"]
[TimeControl "5400+30"]

1. e4 e6 2. d4 d5 3. Nc3 Bb4 4. e5 Qd7 5. Qg4 f5 6. Qg3 b6 7. h4 Ba6 8. Bxa6 Nxa6 9. Nh3 Nb8 10. O-O Nc6 11. Ne2 Nh6 12. c3 Bf8 13. Nef4 O-O-O 14. b4 Nf7 15. a4 Be7 16. a5 b5 17. a6 Rdg8 18. Nxe6 g5 19. Nexg5 Nxg5 20. hxg5 Bxg5 21. Bxg5 h6 22. e6 Qxe6 23. Rfe1 Qd7 24. Qd3 hxg5 25. Qxb5 Qd6 26. Qc5 Qh6 27. Qxd5 g4 28. Qxf5+ Kb8 29. Re6 Qh4 30. Rxc6 gxh3 31. Qb5+ Kc8 32. Qb7+ Kd8 33. Qxc7+ Ke8 34. Re1+ Kf8 35. Qd6+ 1-0

[Event "Portuguese Chess-ch 2022"]
[Site "Leiria"]
[Date "2022.09.16"]
[Round "6.1"]
[White "Fernandes, Antonio"]
[Black "Rego, Pedro Filipe"]
[Result "1/2-1/2"]
[ECO "B30"]
[WhiteElo "2327"]
[BlackElo "2273"]
[Annotator "TA"]
[PlyCount "86"]
[EventDate "2022.09.11"]
[EventCountry "POR"]
[SourceTitle "playchess.com"]
[Source "ChessBase"]
[SourceQuality "1"]
[TimeControl "5400+30"]

1. e4 c5 2. Nf3 Nc6 3. Bb5 e6 4. O-O Nge7 5. Re1 a6 6. Bf1 d5 7. exd5 Qxd5 8. Nc3 Qd8 {[%emt 0:00:05] B30: Sicilian: 2...Nc6 3 Bb5, lines without ...g6.} 9. b3 {[%emt 0:11:16] [#]} (9. Ne4 $5 ) 9... b6 $146 ({Predecessor:} 9... Nf5 10. Bd3 Be7 11. Bxf5 exf5 12. Bb2 O-O 13. Ne2 b5 14. d4 Bf6 15. Rb1 cxd4 16. Nexd4 Nxd4 17. Bxd4 {½-½ (33) Demchenko,A (2632)-Tsydypov,Z (2558) Khanty-Mansiysk 2020}) 10. Bb2 Bb7 {[%emt 0:00:19] White has an edge.} 11. Ne2 Nf5 12. d4 {[%emt 0:00:34][%cal Od4d5] Black must now prevent d5!} Be7 13. dxc5 (13. d5 $5 exd5 14. Nf4 $11) 13... Bxc5 14. Nf4 O-O 15. Bd3 Nb4 16. Bxf5 exf5 17. Nh5 f6 18. a3 (18. Nd4 $11) 18... Qxd1 $15 19. Rexd1 Nxc2 20. Rac1 Rfd8 21. b4 Bf8 {[%emt 0:02:00] Threatens to win with ...Rxd1+. A strong pair of Bishops.} 22. Nh4 a5 23. Nxf5 axb4 24. axb4 Nxb4 {[%emt 0:00:56] ...Rxd1+ is the strong threat.} 25. h3 {[%emt 0:01:01] [#]} (25. Nh6+ $17 gxh6 26. Nxf6+ Kg7 27. Rc7+ Kg6 28. Nd7 Rxd7 29. Rdxd7) 25... Nd3 $2 (25... Rxd1+ $1 $19 26. Rxd1 Nd5) 26. Rc7 $11 {[%emt 0:03:50] Strongly threatening Nh6+. The position is equal.} Be4 (26... Nxb2 $2 27. Nh6+ Kh8 28. Nf7+ Kg8 29. Rxd8 Rxd8 30. Nxd8 $18) 27. Nh6+ gxh6 28. Nxf6+ Kh8 29. Rxd3 Bxd3 (29... Rxd3 {is a self mate.} 30. Nxe4+) 30. Ng4+ Kg8 31. Nf6+ Kh8 32. Ne8+ Kg8 33. Nf6+ Kh8 34. Nxh7+ Kg8 $1 35. Nf6+ Kh8 36. Nd5+ Kg8 37. Nf6+ Kh8 38. Ne8+ Kg8 39. Nf6+ Kh8 40. Ne4+ Kg8 41. Nf6+ Kh8 42. Ng4+ Kg8 {[%emt 0:00:00] [#] aiming for ...Ra2.} 43. Nf6+ Kh8 {[%emt 0:00:00] Weighted Error Value: White=0.09 (flawless) /Black=0.14 (very precise)} 1/2-1/2

[Event "Portuguese Chess-ch 2022"]
[Site "Leiria"]
[Date "2022.09.16"]
[Round "6.2"]
[White "Fidalgo, Andre"]
[Black "Guilherme Santos, Jose"]
[Result "0-1"]
[ECO "B94"]
[WhiteElo "2258"]
[BlackElo "2384"]
[Annotator "TA"]
[PlyCount "78"]
[EventDate "2022.09.11"]
[EventCountry "POR"]
[SourceTitle "playchess.com"]
[Source "ChessBase"]
[SourceQuality "1"]
[TimeControl "5400+30"]

1. e4 c5 2. Nf3 d6 3. d4 cxd4 4. Nxd4 Nf6 5. Nc3 a6 6. Bg5 Nbd7 7. Bc4 {[%emt 0:00:09] 7.Qe2 is setting a new trend.} e6 8. Qe2 {[%emt 0:03:25] B94: Sicilian Najdorf: 6 Bg5 Nbd7.} b5 9. Bb3 Nc5 10. O-O-O {[%emt 0:06:11] White is slightly better.} Bd7 {[%emt 0:20:47] [#]} 11. f4 $146 ({Predecessor:} 11. e5 dxe5 12. Nc6 Qc7 13. Nxe5 Be7 14. Bxf6 gxf6 15. Nxd7 Nxd7 16. Rhe1 Nc5 17. Qh5 {1-0 (40) Rehorek,M (2263)-Pribyl,M (2326) Czech Republic 2017}) 11... b4 {[%emt 0:00:30] [#]} 12. e5 $2 (12. Nd5 $1 $16 {[%cal Oe4e5] is necessary to keep the advantage. Threatens to win with e5!} Ncxe4 (12... exd5 13. e5) 13. Nxf6+ Nxf6 14. Rhe1) 12... bxc3 $17 13. exf6 Nxb3+ ({Black should try} 13... gxf6 $17 14. Bh4 Be7 15. bxc3 Qa5) 14. cxb3 {[%emt 0:16:54] And now fxg7 would win.} gxf6 15. Bh4 cxb2+ 16. Kxb2 Be7 17. Rhe1 Qa5 {[%emt 0:02:05] Prevents Nf5.} 18. f5 e5 {[%emt 0:01:10] White is on the road to losing.} 19. Qh5 $2 (19. Nc2 $17) 19... Rc8 $19 ({Don't take} 19... exd4 20. Bxf6 O-O-O 21. Bxh8 (21. Rxe7 Qc3+ 22. Kb1 Bb5 $16) 21... Qc3+ 22. Kb1 $18) 20. Re2 d5 21. Qh6 Bb5 22. Rc2 {[%emt 0:03:46] Against Qc3+} (22. Nxb5 {was the only chance.} Qxb5 23. Qh5) 22... Rxc2+ 23. Nxc2 d4 24. Bxf6 Qc3+ 25. Kb1 {[%emt 0:00:07] [#]} d3 $1 {[%emt 0:00:30] The board is on fire.} 26. Ne1 {[%emt 0:01:56] [#]} Qc6 $1 ({Stronger than} 26... Ba3 27. Qd2 Qxd2 28. Rxd2 $11) 27. Bg7 Qxh6 28. Bxh6 e4 29. g4 Kd7 30. Ng2 a5 31. a4 {[%emt 0:01:48] [#]} (31. Ne3 $17) 31... Bc6 (31... Ba6 $1 $19 {White must now prevent ...Rb8.} 32. Rc1 Bb4) 32. Bd2 (32. Ne3 $17) 32... Rb8 33. Ka2 Bd5 34. Rb1 Bb4 35. Bxb4 (35. Bf4 Bd6 36. Bd2) 35... Rxb4 36. Ka3 Kd6 {[%emt 0:00:14] Hoping for ...Ke5.} 37. Ne3 Ke5 {[%emt 0:00:30] ( -> ...Kd4)} 38. Nxd5 Kxd5 39. Kb2 Kd4 {[%emt 0:00:26] Weighted Error Value: White=0.89/Black=0.21 (precise)} 0-1

[Event "Portuguese Chess-ch 2022"]
[Site "Leiria"]
[Date "2022.09.16"]
[Round "6.3"]
[White "Martins, Bruno Andre Leite"]
[Black "Dias, Paulo"]
[Result "0-1"]
[ECO "A45"]
[WhiteElo "2308"]
[BlackElo "2341"]
[Annotator "TA"]
[PlyCount "80"]
[EventDate "2022.09.11"]
[EventCountry "POR"]
[SourceTitle "playchess.com"]
[Source "ChessBase"]
[SourceQuality "1"]
[TimeControl "5400+30"]

1. d4 Nf6 2. Bf4 d5 3. e3 c5 4. c3 Nc6 5. Nd2 Bf5 6. Qb3 {[%emt 0:00:35] D00: 1 d4 d5: Unusual lines.} Qd7 7. Ngf3 c4 8. Qd1 {[%emt 0:00:50] The position is equal.} e6 9. Nh4 b5 10. Be2 Bd6 {[%emt 0:03:38] [#]} 11. O-O $146 ({Predecessor:} 11. Nxf5 exf5 12. Bxd6 Qxd6 13. Qc2 Qe6 14. a4 b4 15. cxb4 Nxb4 16. Qc3 Rb8 17. b3 {½-½ (36) Stephan,J (2571)-Cruzado Duenas,C (2572) GER email 2017}) 11... Bxf4 12. exf4 O-O 13. Nxf5 exf5 14. Nf3 Qd6 15. Ne5 Nd8 16. Qc2 g6 17. g3 Ne6 18. b3 cxb3 19. Qxb3 Ne4 20. Rfc1 ({Don't play} 20. Bxb5 Rab8 21. Nd7 a6 22. Nxb8 (22. Nxf8 Rxb5 23. Qc2 Qxf8 $17) 22... axb5 $17) (20. Rfd1 $5 ) 20... Rab8 21. a3 Rfc8 22. Rc2 {[%emt 0:05:46][%mdl 8192] [#] Now White is beyond hope.} (22. Bd3 $11 {and White is okay.}) 22... Rxc3 $1 $19 23. Rxc3 Nxd4 {[%emt 0:00:19] Pair of Knights!} 24. Qb2 Nxe2+ ({Wrong is} 24... Nxc3 $2 25. Bd1 Rc8 26. Qb4 $19) 25. Qxe2 Nxc3 26. Qb2 Rc8 27. Kg2 d4 28. Qb3 Qe6 29. Qxe6 fxe6 {[%emt 0:00:03][%mdl 4096] Endgame KRN-KRN} 30. Rc1 a5 31. Rc2 b4 32. axb4 axb4 {[%emt 0:00:02] aiming for ...b3.} 33. Rd2 $2 (33. Rb2 {nothing else works.} Nd5 34. Nd3) 33... b3 34. Rb2 Rb8 {[%emt 0:00:47] Threatens to win with ...Na4.} 35. Nc6 Na4 36. Rb1 Rb6 37. Nxd4 b2 38. Ne2 Rc6 39. Kf3 Rc2 40. Re1 Nc3 {[%emt 0:00:00] Weighted Error Value: White=0.67/Black=0.10 (very precise)} 0-1

[Event "Portuguese Chess-ch 2022"]
[Site "Leiria"]
[Date "2022.09.16"]
[Round "6.4"]
[White "Veiga, Jose Francisco R P N"]
[Black "Sousa, Andre"]
[Result "1/2-1/2"]
[ECO "C77"]
[WhiteElo "2389"]
[BlackElo "2449"]
[Annotator "TA"]
[PlyCount "157"]
[EventDate "2022.09.11"]
[EventCountry "POR"]
[SourceTitle "playchess.com"]
[Source "ChessBase"]
[SourceQuality "1"]
[TimeControl "5400+30"]

1. e4 e5 2. Nf3 Nc6 3. Bb5 a6 4. Ba4 Nf6 5. d3 b5 6. Bb3 Bc5 7. Nc3 {[%emt 0:01:02] 7.c3 gains popularity.} h6 {[%emt 0:01:01] C77: Ruy Lopez: 3...a6 4 Ba4 Nf6, unusual lines.} 8. Nd5 d6 9. Nxf6+ Qxf6 10. Bd5 Bd7 11. c3 Rb8 12. h3 Bb6 13. Bb3 Ne7 {[%emt 0:07:50] [#]} 14. O-O $146 ({Predecessor:} 14. Be3 g5 15. Qd2 Ng6 16. O-O-O Nf4 17. Ne1 c5 18. h4 Ke7 19. g3 Be6 20. Kb1 {½-½ (32) Prasca Sosa,R (2392)-Guerrero Sierra,J (2330) Medellin 2019}) 14... g5 $1 {[%emt 0:08:11] Strongly threatening ...g4.} 15. Nh2 {[%emt 0:01:50] Prevents g4.} (15. d4 $15) 15... h5 $1 $17 16. Qf3 {[%emt 0:06:46] Inhibits g4.} Qxf3 ({Better is} 16... Qg7 $17 {...g4 is the strong threat.} 17. Qe2 g4) 17. Nxf3 $15 f6 18. Be3 Ng6 19. d4 Ke7 20. Nd2 Nf4 21. Bxf4 exf4 22. Rfe1 (22. Nf3 $11) 22... Rbe8 (22... g4 $17) 23. Rad1 g4 24. h4 Kd8 25. Nf1 Rh7 26. g3 $1 Bc6 27. gxf4 Bxe4 28. Ng3 d5 29. Nxe4 Rxe4 ({Black should try} 29... dxe4 $14 30. f5 Kc8) 30. Bxd5 $16 Rxe1+ 31. Rxe1 $14 {[%emt 0:00:01][%mdl 4096] Endgame KRB-KRB} Re7 32. Be6 c6 33. f5 Bc7 34. Rd1 Bd6 35. b4 Kc7 36. Kf1 Rg7 37. Kg2 Kb6 38. Re1 Re7 39. Re4 Kc7 40. a3 Kb6 41. Kf1 Kc7 42. Re2 Rg7 43. Bb3 g3 44. f3 $1 g2+ 45. Rxg2 Rxg2 46. Kxg2 $16 {[%emt 0:00:00] KB-KB} Bf4 47. Bf7 Bd2 48. Bxh5 Kd7 {[%emt 0:00:00] Against Be8+} 49. d5 cxd5 50. Bf7 Ke7 51. Bxd5 {[%emt 0:00:00] Threatens to win with h5.} Bxc3 52. h5 Kf8 53. Bb7 Bb2 54. a4 (54. Bxa6 $16 Bxa3 55. Kh3 (55. Bxb5 Kg7 $16)) 54... bxa4 $11 55. Bxa6 a3 {[%emt 0:00:36] ( -> ...a2)} 56. Bc4 Kg7 57. f4 Bd4 58. Kf3 Bb6 59. Ke4 Bc7 60. Kd4 Kh6 61. Bf7 Kg7 62. Be6 Kh6 63. Kc3 Bd6 64. Bf7 Kg7 65. Ba2 $1 Kh6 66. Kb3 Kxh5 67. Kxa3 Kg4 68. Be6 Kxf4 69. Ka4 Ke5 70. Kb5 Bf8 71. Ka5 Kd6 72. Kb6 Bh6 (72... Be7 $1 $14) 73. b5 Be3+ 74. Kb7 $1 Kc5 {[%emt 0:00:59] [#]} 75. Bd7 $1 Bd2 {[%emt 0:00:56] [#]} 76. Ka6 $1 {[%emt 0:00:27] Against Ba5. Black must now prevent b6.} Kd6 77. Be6 Kc7 78. Ka7 (78. b6+ $16 Kb8 79. Bd5) 78... Be3+ 79. b6+ {[%emt 0:00:20] Weighted Error Value: White=0.10 (very precise) /Black=0.10 (very precise)} 1/2-1/2

[Event "Portuguese Chess-ch 2022"]
[Site "Leiria"]
[Date "2022.09.17"]
[Round "7.1"]
[White "Dias, Paulo"]
[Black "Veiga, Jose Francisco R P N"]
[Result "0-1"]
[ECO "A45"]
[WhiteElo "2341"]
[BlackElo "2389"]
[Annotator "ChessBase"]
[PlyCount "95"]
[EventDate "2022.09.11"]
[EventCountry "POR"]
[SourceTitle "playchess.com"]
[Source "ChessBase"]
[SourceQuality "1"]
[TimeControl "5400+30"]

1. d4 Nf6 2. g3 g6 3. Bg2 Bg7 4. e4 d6 5. Nc3 O-O 6. Nge2 c5 7. d5 e6 8. dxe6 fxe6 9. e5 dxe5 10. Qxd8 Rxd8 11. Be3 Nbd7 12. O-O-O Ng4 13. Bh3 Nxe3 14. Bxe6+ Kf8 15. fxe3 Ke8 16. Nb5 Ke7 17. Nec3 Nf6 18. Rxd8 Kxd8 19. Rd1+ Ke7 20. Bxc8 Rxc8 21. Nxa7 Rf8 22. e4 Bh6+ 23. Kb1 Ng4 24. Nd5+ Ke6 25. a4 Nxh2 26. Nc7+ Ke7 27. Nd5+ Ke6 28. Nc7+ Ke7 29. a5 Nf3 30. Rd5 Be3 31. Rd3 Bd4 32. c3 c4 33. Nd5+ Ke6 34. Rxf3 Rxf3 35. cxd4 exd4 36. Nb5 Rf1+ 37. Ka2 d3 38. Ne3 d2 39. Nc3 Rf3 40. Ncd1 Rxg3 41. Kb1 h5 42. Kc2 h4 43. Kxd2 h3 44. Nf2 h2 45. Ke2 Rg1 46. Kf3 g5 47. Ke2 g4 48. Nexg4 0-1

[Event "Portuguese Chess-ch 2022"]
[Site "Leiria"]
[Date "2022.09.17"]
[Round "7.2"]
[White "Guilherme Santos, Jose"]
[Black "Martins, Bruno Andre Leite"]
[Result "1/2-1/2"]
[ECO "B12"]
[WhiteElo "2384"]
[BlackElo "2308"]
[Annotator "ChessBase"]
[PlyCount "37"]
[EventDate "2022.09.11"]
[EventCountry "POR"]
[SourceTitle "playchess.com"]
[Source "ChessBase"]
[SourceQuality "1"]
[TimeControl "5400+30"]

1. e4 c6 2. d4 d5 3. e5 Bf5 4. h4 h5 5. Bd3 Bxd3 6. Qxd3 Qa5+ 7. b4 Qxb4+ 8. Nd2 e6 9. Rb1 Qe7 10. c4 Nh6 11. Ne2 Nf5 12. Ng3 Nxh4 13. Nde4 dxe4 14. Nxe4 Qd8 15. Bg5 Qa5+ 16. Bd2 Qd8 17. Bg5 Qa5+ 18. Bd2 Qd8 19. Bg5 1/2-1/2

[Event "Portuguese Chess-ch 2022"]
[Site "Leiria"]
[Date "2022.09.17"]
[Round "7.3"]
[White "Rego, Pedro Filipe"]
[Black "Fidalgo, Andre"]
[Result "1-0"]
[ECO "C54"]
[WhiteElo "2273"]
[BlackElo "2258"]
[Annotator "TA RC"]
[PlyCount "107"]
[EventDate "2022.09.11"]
[EventCountry "POR"]
[SourceTitle "playchess.com"]
[Source "ChessBase"]
[SourceQuality "1"]
[TimeControl "5400+30"]

1. e4 e5 2. Nf3 Nc6 3. Bc4 Bc5 4. c3 Nf6 5. d3 O-O 6. O-O d5 7. exd5 Nxd5 8. Re1 Bg4 9. Nbd2 {[%emt 0:00:38] C54: Giuoco Piano: 4 c3 Nf6, main lines with 5 d4 and 5 d3.} Nb6 10. h3 Bh5 11. Bb3 {[%emt 0:00:45] The position is equal.} Qxd3 12. Nxe5 Qf5 13. Nef3 $1 ({Wrong is} 13. Ndf3 $2 Nxe5 14. Rxe5 Qxe5 15. Nxe5 Bxd1 16. Bxd1 Rfe8 $19) 13... Rad8 14. Qe2 {[%emt 0:00:12] Prevents Rfe8.} Bd6 {[%emt 0:04:28] [#]} (14... Nd5 $5 ) 15. Qf1 $146 {[%emt 0:00:47] [#] Threatens to win with g4.} ({Predecessor:} 15. Nh4 Qg5 16. Ndf3 Qxh4 17. Nxh4 Bxe2 18. Rxe2 Rfe8 19. Rxe8+ Rxe8 20. Be3 g6 21. Nf3 {1-0 (67) Bodnar,N (2438)-Zhuravleva,O (2278) Chess.com INT 2021}) 15... Qc8 16. a4 a5 (16... Rfe8 $11 {remains equal.}) 17. Qb5 Bg6 18. Ne4 Rfe8 19. Nxd6 Rxe1+ 20. Nxe1 Rxd6 21. Be3 Qd8 22. Nf3 ({White should try} 22. Bg5 $16 Qc8 23. Nf3) 22... Bd3 $14 23. Qh5 Bg6 24. Qb5 Bd3 $1 25. Qh5 (25. Qg5 $5 ) 25... Bg6 26. Qg4 Nd5 27. Bc5 (27. Bg5 $5 Qd7 28. Qxd7 Rxd7 29. Rd1 $14) 27... Nf6 28. Qc4 Rd7 29. Re1 $36 {[%emt 0:02:07][%mdl 2048] Inhibits Be4. Black is under pressure.} h6 30. Qb5 Ne4 31. Ba3 {[%emt 0:09:29] This bishop pair is nice.} Nd6 32. Bxd6 cxd6 33. Bd5 Na7 34. Qb3 {[%emt 0:01:30] White is much more active. The black rooks are badly placed.} Nc6 35. Qb5 Na7 $1 36. Qc4 Nc8 37. Qb3 Nb6 38. Be4 Bxe4 39. Rxe4 d5 40. Rd4 Nc4 41. Qb5 f6 42. Nh4 Ne5 43. Nf5 Nc6 44. Rd1 Kh8 45. Qd3 {[%emt 0:00:00] Inhibits d4.} Ne5 46. Qb5 Nc6 $1 47. Nd4 Qc7 48. Ne2 (48. g3 $16) 48... Qe5 49. Nd4 Qc7 $1 50. g3 Rd6 (50... Na7 $16 51. Qd3 Nc6) 51. Nf5 $18 Na7 $2 {[%emt 0:01:38] [#]} (51... Rd7 52. Rxd5 Qd8 53. Rxd7 Qxd7) 52. Qe8+ {[%emt 0:00:11] White is clearly winning.} Kh7 53. Nxd6 Qxd6 54. c4 {[%emt 0:00:11] Weighted Error Value: White=0.16 (very precise) /Black=0.10 (very precise)} 1-0